 Dungeon Crawl Stone Soup version 0.29.1-12-g30fa7ad0bf (webtiles) character file.

Game seed: 11897808293123692671

156 Sanktem7 the Trooper (level 5, 0/48 HPs)
             Began as a Minotaur Fighter on Jan 7, 2023.
             Slain by an ogre
             ... wielding a +0 giant club
              (7 damage)
             ... on level 4 of the Dungeon.
             The game lasted 00:04:39 (2857 turns).

Sanktem7 the Trooper (Minotaur Fighter)             Turns: 2857, Time: 00:04:39

Health: 0/48       AC: 10    Str: 23    XL:     5   Next: 14%
Magic:  4/4        EV:  7    Int:  5    God:
Gold:   168        SH:  5    Dex: 15    Spells: 4/4 levels left

rFire   . . .      SeeInvis .   a - +0 war axe {axe}
rCold   . . .      Faith    .   c - +0 buckler
rNeg    . . .      Spirit   .   p - +0 chain mail
rPois   .          Reflect  .   (helmet restricted)
rElec   .          Harm     .   v - +0 cloak
rCorr   .          Rampage  .   (no gloves)
Will    .....                   (no boots)
Stlth   ..........              (no amulet)
HPRegen 0.16/turn               b - +6 ring of dexterity
MPRegen 0.09/turn               (no ring)

@: no status effects
A: horns 2, retaliatory headbutt
a: no special abilities


You were on level 4 of the Dungeon.
You visited 1 branch of the dungeon, and saw 4 of its levels.

You collected 168 gold pieces.


Innate Abilities, Weirdness & Mutations

You have a pair of horns on your head.
You reflexively headbutt those who attack you in melee.


   Skills:
 * Level 5.3 Fighting
 * Level 4.5 Axes
 + Level 4.4 Armour
 - Level 3.6 Shields


You had 4 spell levels left.
You didn't know any spells.
Your spell library was empty.

Inventory:

Hand Weapons
 a - a +0 war axe (weapon) {axe}
Missiles
 h - 18 stones (quivered) {throwing}
 s - 3 boomerangs {throwing}
Armour
 c - a +0 buckler (worn)
 j - a scarf of invisibility
   (You found it on level 4 of the Dungeon)
 p - a +0 chain mail (worn)
   (You found it on level 3 of the Dungeon)
 v - a +0 cloak (worn)
   (You found it on level 3 of the Dungeon)
Jewellery
 b - a +6 ring of dexterity (left hand)
   (You found it on level 3 of the Dungeon)
Scrolls
 e - 2 scrolls of vulnerability {unknown}
 f - 3 scrolls of teleportation {unknown}
 i - a scroll of immolation {unknown}
 m - 2 scrolls of identify {unknown}
 n - a scroll of amnesia {unknown}
 r - a scroll of poison {unknown}
 t - a scroll of fear {unknown}
 w - 3 scrolls of enchant weapon {unknown}
Potions
 d - 3 potions of might
 g - a potion of ambrosia {unknown}
 k - a potion of attraction {unknown}
 l - 5 potions of curing {unknown}
 o - a potion of haste {unknown}

Dungeon Overview and Level Annotations

Branches:
Dungeon (4/15) Zot: 21101
 Temple: D:4-7

Altars:
Zin
The Shining One

#..####....##..........>.....#
#..........................<.
##.....###........)....##..##
#^...#####..................
#....##.......†......#######
#....########........# ######
#..........#
##########............
.......<)@O...........
......)###............ .......
#........... .......
##......... ....... ##........
....... #######.. #......
#......


You could see an ogre.


Message History

No target in view!
No target in view!
No target in view!
No target in view!
No target in view!
No target in view!
No target in view!
You now have 158 gold pieces (gained 4).
Found a stone staircase leading down.
There is a stone staircase leading down here.
Key pressed, stopping explore.
Found a glowing silver altar of Zin.
Found a stone staircase leading down.
j - a scarf of invisibility A jackal comes into view.
The jackal barks!
A jackal comes into view.
There are monsters nearby!
A jackal comes into view.
The jackal barks! x2
Found a stone staircase leading up.
A hobgoblin comes into view.
You see here a scroll labelled OLEJIBL DYEWASM.
You hit the jackal but do no damage. You headbutt the jackal.
You kill the jackal!
You closely miss the jackal. Your headbutt misses the jackal.
You hit the jackal. The jackal bites you.
The jackal bites you but does no damage. x2
The jackal barely misses you. 😕 HP[-3]
You take 3 damage, and now have 45/48 hp.
You closely miss the jackal. You slash the jackal!
You kill the jackal!
The jackal barely misses you. x2
You closely miss the jackal. Your headbutt misses the jackal.
You block the jackal's attack.
You barely miss the jackal. The jackal barely misses you. x2
You furiously retaliate!
You headbutt the jackal!
You kill the jackal! 😕 HP[+1]
You barely miss the hobgoblin. The hobgoblin hits you.
The hobgoblin barely misses you. 😕 HP[-1]
You take 1 damage, and now have 45/48 hp.
You completely miss the hobgoblin. You headbutt the hobgoblin.
The hobgoblin hits you but does no damage.
You slash the hobgoblin!
You kill the hobgoblin!
No target in view!
No target in view!
No target in view!
No target in view!
No target in view!
No target in view!
No target in view!
No target in view!
No target in view!
No target in view!
No target in view!
No target in view!
No target in view!
No target in view!
No target in view!
No target in view!
No target in view!
No target in view!
m - 2 scrolls labelled OLEJIBL DYEWASM (gained 1)
You see here a jackal corpse.
You now have 168 gold pieces (gained 10).
An ogre comes into view.
It is wielding a +0 giant club. 😎 HP[+3]
Your hp is fully restored (48).
An ogre is nearby!
An ogre is nearby!
You block the ogre's attack.
You slash the ogre!
The ogre hits you with a +0 giant club!!
Ouch! That really hurt!
* * * LOW HITPOINT WARNING * * *
😨 HP[-27]
You take 27 damage, and now have 21/48 hp.
MASSIVE DAMAGE!! (PAUSE)
You slash the ogre! The ogre hits you with a +0 giant club!
* * * LOW HITPOINT WARNING * * *
😱 HP[-9]
You take 9 damage, and now have 12/48 hp.
You barely miss the ogre. The ogre hits you with a +0 giant club!
* * * LOW HITPOINT WARNING * * *
😱 HP[-9]
You take 9 damage, and now have 3/48 hp. 😱 HP[+1]
Found a stone staircase leading up. 😱 HP[+1] 😱 HP[+1] 😱 HP[+1]
You see here a hobgoblin corpse.
The ogre attacks as you move away! The ogre misses you.
Items here: ))) [[[ †.
The ogre attacks as you move away! The ogre hits you with a +0 giant club!
You die...

Skill      XL: |  1  2  3  4 |
---------------+-------------+-----
Fighting       | 4 5 |  5.3
Axes           | 3 4 |  4.5
Armour         | 4 |  4.4
Shields        | |  3.6

Action                   |  1- 3 |  4- 6 || total
-------------------------+-------+-------++-------
Melee: War axe           |    61 |    55 ||   116
       Headbutt          |    14 |     8 ||    22
 Stab: Distracted        |       |     1 ||     1
Armor: Scale mail        |    18 |       ||    18
       Chain mail        |     6 |    33 ||    39
Dodge: Dodged            |    22 |    29 ||    51
Block: Buckler           |    15 |    17 ||    32

Levels and vault maps discovered:
D:1:      sevenhm_arrival_forest_fort_large_2, layout_rooms,
          ebering_ecumenical_altar_sacrificial, minmay_misc_feat_cross
D:2:      layout_loops_ring
D:3:      layout_basic, mainiacjoe_overflow_surrounded_room, uniq_robin
D:4:      layout_rooms, lemuel_round_altar, fountainhead

Notes
Turn   | Place    | Note
-------+----------+-------------------------------------------
     0 | D:1      | Sanktem7 the Minotaur Fighter began the quest for the Orb.
     0 | D:1      | Reached XP level 1. HP: 19/19 MP: 0/0
     0 | D:1      | magus.rc [v1.9.6]
   197 | D:1      | Found a faded altar of an unknown god.
   258 | D:1      | Reached XP level 2. HP: 23/27 MP: 1/1
   259 | D:1      | Reached skill level 4 in Fighting
   611 | D:2      | HP: 6/27 [poisoned by a goblin]
   696 | D:2      | Reached skill level 3 in Axes
   984 | D:2      | Reached skill level 4 in Armour
   984 | D:2      | Reached XP level 3. HP: 34/34 MP: 2/2
  1773 | D:3      | Reached XP level 4. HP: 31/41 MP: 3/3
  2017 | D:3      | Noticed Robin
  2033 | D:3      | Reached skill level 4 in Axes
  2035 | D:3      | HP: 9/41 [Robin/+0 short sword (4)]
  2036 | D:3      | Killed Robin
  2288 | D:3      | Found a glowing golden altar of the Shining One.
  2312 | D:3      | Reached skill level 5 in Fighting
  2650 | D:4      | Reached XP level 5. HP: 48/48 MP: 4/4
  2769 | D:4      | Found a glowing silver altar of Zin.
  2826 | D:4      | Noticed an ogre
  2831 | D:4      | HP: 12/48 [ogre/+0 giant club (9)]
  2832 | D:4      | HP: 3/48 [ogre/+0 giant club (9)]
  2857 | D:4      | Slain by an ogre

Vanquished Creatures
  An orc wizard (D:4)
  Robin (D:3)
  4 adders
  A worm (D:2)
  A dart slug (D:1)
  8 orcs
  2 bats
  3 endoplasms
  4 giant cockroaches
  12 goblins
  9 hobgoblins
  3 jackals (D:4)
  2 quokkas (D:3)
  5 ball pythons
  A frilled lizard (D:3)
  4 kobolds
  A rat (D:3)
62 creatures vanquished.

Table legend:
 A = Non-vault XP
 B = Vault XP
 C = Vault XP percentage of total XP
 D = Non-vault monster count
 E = Vault monster count
 F = Vault count percentage of total count
                 A         B        C        D         E       F
            +---------+---------+-------+---------+---------+-------
      Total |     184 |      39 |  17.5 |      49 |      13 |  21.0
            +---------+---------+-------+---------+---------+-------
        D:1 |      16 |       0 |   0.0 |       8 |       0 |   0.0
        D:2 |      68 |       0 |   0.0 |      16 |       0 |   0.0
        D:3 |      39 |      39 |  50.0 |      13 |      13 |  50.0
        D:4 |      61 |       0 |   0.0 |      12 |       0 |   0.0
            +---------+---------+-------+---------+---------+-------

Illustrated notes

Table legend:
 A = Kills in this place as a percentage of kills in entire the game.
 B = Kills by you in this place as a percentage of kills by you in the entire game.
 C = Kills by friends in this place as a percentage of kills by friends in the entire game.
 D = Other kills in this place as a percentage of other kills in the entire game.
 E = Experience gained in this place as a percentage of experience gained in the entire game.
 F = Experience gained in this place divided by the number of levels of this place that you have seen.
                   A       B       C       D       E      F
               +-------+-------+-------+-------+-------+----------------------
         Total | 100.0 | 100.0 |   N/A |   N/A | 100.0 |  55.8
       Dungeon | 100.0 | 100.0 |   N/A |   N/A | 100.0 |  55.8
               +-------+-------+-------+-------+-------+----------------------

Table legend: (Time is in decaauts)
 A = Elapsed time spent in this place.
 B = Non-inter-level travel time spent in this place.
 C = Inter-level travel time spent in this place.
 D = Time resting spent in this place.
 E = Time spent auto-exploring this place.
 F = Levels seen in this place.
 G = Mean time per level.
                   A        B        C        D        E       F      G
               +--------+--------+--------+--------+--------+-----+--------+
         Total |   2898 |   2808 |     90 |      0 |   2342 |   4 |  724.5 |
       Dungeon |   2898 |   2808 |     90 |      0 |   2342 |   4 |  724.5 |
               +--------+--------+--------+--------+--------+-----+--------+

Top non-repeatable levels by time:
     D:3: 1037 daAuts
     D:2: 1028 daAuts
     D:1: 606 daAuts
     D:4: 226 daAuts
